 Dungeon Crawl Stone Soup version 0.24.1 (webtiles) character file.

Game seed: 543691161736004078, levelgen mode: deterministic

104 Destapler the Grave Robber (level 4, -10/25 HPs)
             Began as a Deep Elf Necromancer on Mar 27, 2020.
             Killed by nerve-wracking pain
             ... invoked by Grinder
              (12 damage)
             ... on level 3 of the Dungeon.
             The game lasted 00:12:58 (2581 turns).

Destapler the Grave Robber (Deep Elf Necromancer)   Turns: 2581, Time: 00:12:58

Health: -10/25     AC:  4    Str:  5    XL:     4   Next: 52%
Magic:  4/10       EV: 14    Int: 20    God:
Gold:   94         SH:  0    Dex: 16    Spells: 5/9 levels left

rFire    . . .     SeeInvis .   a - +4 short sword (holy)
rCold    . . .     Gourm    .   (no shield)
rNeg     . . .     Faith    .   r - +0 robe
rPois    .         Spirit   .   (no helmet)
rElec    .         Reflect  .   y - +1 cloak
rCorr    .         Harm     .   (no gloves)
MR       .....                  (no boots)
Stlth    ++++......             (no amulet)
HPRegen  1.08/turn              p - ring of stealth
MPRegen  0.12/turn              (no ring)

@: regenerating (expiring)
A: no striking features
a: no special abilities


You were on level 3 of the Dungeon.
You were not hungry.

You visited 1 branch of the dungeon, and saw 3 of its levels.

You collected 94 gold pieces.

Inventory:

Hand Weapons
 a - a +4 short sword of holy wrath (weapon)
Missiles
 e - 125 stones (quivered)
 k - 70 sling bullets
Armour
 o - a +0 shield
 r - a +0 robe (worn)
 y - a +1 cloak (worn)
Jewellery
 p - a ring of stealth (left hand)
 w - an uncursed ring of see invisible {unknown}
Scrolls
 b - a scroll of enchant armour {unknown}
 f - 2 scrolls of identify {unknown}
 i - 3 scrolls of remove curse {unknown}
 j - a scroll of fog {unknown}
 n - a scroll of immolation {unknown}
 q - a scroll of enchant weapon {unknown}
 v - a scroll of amnesia {unknown}
 A - a scroll of blinking {unknown}
Potions
 d - a potion of brilliance {unknown}
 g - 2 potions of agility {unknown}
 l - a potion of heal wounds {unknown}
 m - a potion of berserk rage {unknown}
 s - a potion of haste {unknown}
 t - 3 potions of resistance {unknown}
 u - a potion of curing {unknown}
 x - a potion of lignification {unknown}
 z - a potion of degeneration {unknown}
Comestibles
 c - 4 rations
 h - 2 chunks of flesh


   Skills:
 + Level 1.6 Fighting
 + Level 1.8 Short Blades
 + Level 3.4 Dodging
 + Level 3.7 Stealth
 - Level 3.0 Spellcasting
 - Level 4.8 Necromancy


You had 5 spell levels left.
You knew the following spells:

 Your Spells              Type           Power        Failure   Level  Hunger
a - Pain                  Necr           ###.         1%          1    None
R - Regeneration          Chrm/Necr      ##........   16%         3    ###....

Your spell library contained the following spells:

 Spells                   Type           Power        Failure   Level  Hunger
 Animate Skeleton         Necr           N/A          1%          1    None
 Vampiric Draining        Necr           ###.......   6%          3    ###....
 Animate Dead             Necr           N/A          19%         4    ####...


Dungeon Overview and Level Annotations

Branches:
Dungeon (3/15)

Altars:

Annotations:
D:3 Grinder


Message History

The kobold barely misses you.
Casting: Pain (safe; 1% risk of failure)
Confirm with . or Enter, or press ? or * to list all spells.
Aiming: Pain (safe; 1% risk of failure)
Press: ? - help, Shift-Dir - straight line, f - kobold
Aim: a kobold, wielding a +0 short sword (chance to defeat MR: 91%)
The kobold writhes in agony!
You kill the kobold!
Your skin is crawling a little less now.
Grinder hits you!
* * * LOW HITPOINT WARNING * * *
You writhe in agony.
* * * LOW HITPOINT WARNING * * *
Found a blue potion.
Found an escape hatch in the ceiling.
You hit Grinder.
Grinder convulses.
Grinder is lightly wounded.
A kobold comes into view. It is wielding a +0 short sword.
Grinder gestures at you. Pain shoots through your body!
You die...

##........... ..#
.###.....>....## ...
>..............####..##
#.........##........##
#.............#.....
##........####.......
#.......#..#........#
#.......##....)......
###.......###..@)......
##........## #..5.......
#........###............
.........# #.##.........
.........##.. ##.<.....#
..<.........# .........
.).......#### .........
.)>......# !..<....K
.........#


You could see Grinder and a kobold (wandering).

Vanquished Creatures
  5 adders (D:2)
  A worm (D:2)
  2 leopard geckos
  An orc (D:3)
  5 giant cockroaches
  4 hobgoblins
  2 jackals (D:2)
  4 quokkas (D:2)
  A ball python (D:2)
  2 bats
  2 frilled lizards
  8 goblins
  6 kobolds
  9 rats
52 creatures vanquished.

Notes
Turn   | Place    | Note
-------+----------+-------------------------------------------
     0 | D:1      | Destapler the Deep Elf Necromancer began the quest for the
                  | Orb.
     0 | D:1      | Reached XP level 1. HP: 10/10 MP: 6/6
  1115 | D:1      | Reached XP level 2. HP: 15/16 MP: 6/8
  1488 | D:2      | Reached skill level 1 in Fighting
  1563 | D:2      | Reached skill level 1 in Short Blades
  1563 | D:2      | Reached XP level 3. HP: 8/20 MP: 5/9
  1592 | D:2      | Learned a level 3 spell: Regeneration
  1775 | D:2      | Reached XP level 4. HP: 15/25 MP: 7/10
  2568 | D:3      | Noticed Grinder
  2580 | D:3      | HP: 1/25 [Grinder (4)]
  2581 | D:3      | Killed from afar by Grinder

Levels and vault maps discovered:
D:1:      lemuel_arrival_rhombus, layout_basic, minmay_tetromino_i4
D:2:      layout_loops_ring, minmay_misc_feat_diagonals, glass_columns_b
D:3:      layout_rooms, okawaru_gym_becter, nicolae_overflow_crystal_walls,
          uniq_grinder

Skill      XL: |  1  2  3 |
---------------+----------+-----
Fighting       | 1 |  1.6
Stealth        | 3 |  3.7
Short Blades   | 1 |  1.8
Dodging        | 3 |  3.4
Spellcasting   | |  3.0
Necromancy     | |  4.8

Action                   |  1- 3 |  4- 6 || total
-------------------------+-------+-------++-------
Melee: Short sword       |    80 |    28 ||   108
       Dagger            |     6 |       ||     6
Throw: Stone             |     4 |     1 ||     5
 Cast: Pain              |    24 |    14 ||    38
       Regeneration      |     4 |     4 ||     8
 Stab: Sleeping          |     2 |     7 ||     9
  Eat: Chunk             |     3 |     3 ||     6
Armor: Robe              |    10 |     3 ||    13
Dodge: Dodged            |    68 |    16 ||    84
